Map: Beckett Industries LE

Players

AngryTurtle

  • Race: Zerg Zerg
  • Spawn Location: 1:00

Warthog - Winner!

  • Race: Terran Terran
  • League: Silver
  • Spawn Location: 7:00

VOD

Have the link to the VOD?

Description

Time

  • Played on: Oct. 19, 2021, 8:43 p.m.
  • Length: 19:21
Show
View Real Time Build Order
Export as new Build Order

AngryTurtle Zerg 

Build Orders: Pool First 

Get SALT Encoding   

  12  0:04  Drone  
  13  0:09  Drone  
  14  0:28  Spawning Pool  
  13  1:00  Hatchery  
  13  1:04  Drone x2  
  13  1:11  Overlord  
  14  1:29  Zergling x4  
  16  1:41  Zergling x2  
  17  2:00  Zergling x2  
  17  2:01  Zergling x2  
  19  2:03  Queen  
  21  2:11  Queen  
  21  2:13  Zergling x2  
  24  2:18  Drone  
  25  2:27  Zergling x2  
  26  2:37  Zergling x2  
  24  2:47  Zergling x2  
  24  2:56  Zergling x2  
  24  2:57  Queen  
  23  3:17  Drone x3  
  25  3:24  Zergling x4  
  24  3:39  Zergling x4  
  23  3:49  Overlord  
  22  3:59  Hatchery  
  19  4:07  Drone x3, Extractor  
  19  4:09  Extractor  
  20  4:28  Drone  
  21  4:36  Queen  
  23  4:39  Hatchery  
  22  4:54  Zergling x4  
  22  4:55  Zergling x6  
  22  4:58  Metabolic Boost  
  27  5:12  Queen, Drone  
  30  5:17  Lair  
  30  5:24  Drone  
  31  5:37  Drone x3  
  31  5:38  Drone x2  
  34  5:51  Zergling x10  
  38  6:02  Baneling Nest  
  38  6:03  Drone x2  
  39  6:09  Overlord  
  39  6:18  Overlord  
  39  6:22  Zergling x2  
  39  6:23  Drone  
  41  6:32  Drone x3  
  44  6:33  Drone  
  45  6:44  Zergling x4  
  45  6:47  Centrifugal Hooks  
  47  6:58  Drone x5  
  52  7:09  Evolution Chamber x2  
  52  7:11  Drone  
  52  7:12  Drone  
  52  7:25  Zergling x2  
  52  7:26  Baneling x5  
  53  7:32  Zergling x8  
  53  7:33  Overlord x2  
  53  7:35  Baneling x2  
  55  7:44  Queen  
  55  7:45  Overlord  
  57  8:02  Drone x3, Overlord, Extractor  
  57  8:03  Extractor  
  57  8:04  Drone  
  57  8:05  Drone x2  
  61  8:12  Zerg Melee Weapons Level 1  
  61  8:14  Zerg Ground Armor Level 1  
  61  8:16  Baneling x4  
  61  8:17  Zergling x6  
  61  8:18  Zergling x2  
  65  8:24  Zergling x4  
  65  8:25  Zergling x2  
  52  8:34  Zergling x2  
  52  8:38  Baneling x2  
  52  8:39  Baneling x2  
  52  8:40  Zergling x8  
  52  8:41  Zergling x6  
  58  8:43  Zergling x2  
  57  8:51  Baneling x2  
  57  8:55  Zergling x12  
  52  9:16  Queen  
  47  9:22  Zergling x12  
  49  9:25  Queen  
  50  9:46  Hatchery  
  50  9:50  Drone x3  
  50  9:51  Spore Crawler, Drone x2  
  50  9:52  Zergling x6  
  56  9:56  Queen  
  58  10:18  Zerg Melee Weapons Level 2  
  58  10:24  Zergling x2  
  58  10:25  Zergling x6  
  58  10:26  Baneling x4  
  62  10:29  Baneling x5  
  62  10:32  Zerg Ground Armor Level 2  
  62  10:34  Drone  
  63  10:50  Drone x3  
  63  10:55  Spore Crawler  
  65  10:59  Drone  
  65  11:02  Queen  
  68  11:13  Zergling x2  
  68  11:14  Zergling x6  
  72  11:19  Drone  
  72  11:22  Hatchery  
  72  11:25  Burrow  
  72  11:32  Drone x2  
  74  11:34  Drone x2  
  74  11:35  Drone x4  
  74  11:38  Zergling x8  
  84  11:41  Overlord  
  84  11:56  Overseer  
  84  12:01  Baneling x4  
  84  12:04  Zergling x6  
  84  12:05  Zergling x2  
  88  12:11  Spore Crawler  
  88  12:14  Extractor x2  
  85  12:18  Infestation Pit  
  85  12:20  Hydralisk Den, Spore Crawler  
  81  12:33  Zergling x28  
  95  12:45  Baneling  
  95  12:46  Zergling x2, Baneling x3  
  95  12:47  Zergling x2  
  97  12:57  Zergling x6  
  97  12:58  Zergling x4  
  101  13:12  Zergling x22  
  99  13:27  Hive  
  99  13:31  Lurker Den  
  98  13:42  Zergling x2  
  98  13:43  Zergling x10  
  98  13:44  Overlord x3  
  104  13:59  Overlord x2  
  104  14:14  Zergling x16  
  104  14:15  Zergling x12  
  108  14:29  Zergling x2  
  108  14:30  Zergling x6  
  103  14:37  Zergling x4  
  103  14:38  Zergling x24  
  117  14:40  Adaptive Talons  
  117  14:41  Hydralisk  
  118  14:57  Overseer  
  116  15:10  Hydralisk x2  
  116  15:11  Hydralisk x3  
  116  15:13  Lurker  
  126  15:24  Zergling x2  
  126  15:25  Zergling x22  
  110  15:45  Lurker  
  110  15:46  Lurker x4  
  108  16:02  Hydralisk x4  
  108  16:03  Hydralisk  
  118  16:06  Drone  
  113  16:33  Zergling x12  
  113  16:34  Zergling x4  
  107  16:40  Zergling x12  
  79  17:01  Baneling  
  79  17:02  Baneling x13  
  79  17:03  Spine Crawler  
  79  17:04  Spine Crawler  
  74  17:10  Hydralisk x3  
Show
View Real Time Build Order
Export as new Build Order

Warthog Terran - Winner!

Build Orders:  

Get SALT Encoding   

  12  0:00  SCV  
  13  0:13  SCV  
  14  0:17  Supply Depot  
  14  0:25  SCV  
  15  0:39  SCV  
  15  0:40  Barracks  
  16  0:44  Refinery  
  16  0:51  SCV  
  17  1:03  SCV  
  18  1:15  SCV  
  19  1:23  Supply Depot  
  19  1:30  Bunker, Marine  
  19  1:32  Orbital Command  
  20  1:53  Marine  
  21  2:10  Marine  
  21  2:11  SCV  
  21  2:14  Command Center  
  22  2:27  Bunker  
  22  2:28  Marine  
  23  2:38  SCV  
  24  2:46  Marine  
  23  3:04  Marine  
  23  3:16  SCV  
  24  3:22  Marine  
  23  3:38  SCV  
  24  3:42  Barracks  
  24  3:43  Barracks  
  24  3:53  SCV  
  24  3:55  Marine  
  25  4:05  SCV  
  26  4:10  Orbital Command  
  26  4:18  SCV  
  27  4:28  Barracks Reactor  
  27  4:30  SCV  
  28  4:33  Barracks Tech Lab  
  28  4:34  Refinery, Barracks Tech Lab  
  28  4:36  SCV  
  29  4:40  Orbital Command  
  29  4:42  SCV  
  30  4:50  Bunker  
  30  4:55  SCV  
  31  5:05  Stimpack, Combat Shield  
  31  5:06  Marauder  
  35  5:07  Marauder  
  35  5:10  SCV x2  
  37  5:19  Marine x2  
  39  5:22  SCV  
  39  5:23  Factory  
  39  5:26  SCV  
  41  5:34  SCV  
  42  5:36  Supply Depot  
  42  5:38  SCV  
  42  5:39  Marine  
  42  5:40  Marine  
  42  5:41  Marine  
  46  5:57  SCV x2, Marine x2  
  46  6:01  Supply Depot  
  46  6:04  Marauder  
  52  6:10  SCV x2, Factory Reactor, Starport  
  54  6:19  Supply Depot  
  54  6:22  Marine  
  54  6:23  SCV x2, Marauder  
  54  6:24  Supply Depot  
  59  6:27  Concussive Shells  
  59  6:28  Marine  
  60  6:35  SCV x2  
  60  6:38  Engineering Bay  
  62  6:48  Supply Depot  
  62  6:49  SCV  
  63  6:55  SCV  
  63  6:56  Marauder, Marine x2  
  68  7:07  Terran Infantry Weapons Level 1  
  68  7:08  Medivac  
  68  7:09  Command Center, Medivac  
  68  7:10  SCV x2, Factory Tech Lab  
  68  7:14  Refinery  
  74  7:17  Refinery  
  74  7:22  SCV x2  
  76  7:33  Marauder, Marine x2  
  80  7:46  Supply Depot  
  80  7:47  Supply Depot  
  80  7:52  Armory  
  80  7:53  Engineering Bay, Marauder, Marine x2  
  84  8:10  Marauder  
  84  8:11  Marine x2  
  88  8:13  Siege Tank  
  88  8:14  Medivac x2  
  88  8:15  Marauder  
  88  8:17  Supply Depot  
  88  8:18  Supply Depot  
  97  8:24  SCV x2  
  99  8:28  Marine  
  99  8:29  Marine  
  99  8:31  Marauder  
  91  8:35  Marine  
  91  8:36  SCV  
  92  8:58  Orbital Command  
  92  9:04  SCV x2  
  92  9:07  Supply Depot  
  92  9:09  Supply Depot x2, Marauder, Marine x3  
  93  9:11  Siege Tank  
  93  9:16  SCV x2  
  98  9:18  Medivac x2  
  98  9:21  Terran Infantry Weapons Level 2  
  98  9:23  Terran Infantry Armor Level 1  
  95  9:25  Orbital Command  
  95  9:27  Marine x2  
  95  9:28  Marauder  
  95  9:30  Marine  
  100  9:37  SCV x2  
  98  9:45  Marine  
  99  9:49  SCV  
  100  9:53  SCV  
  100  9:54  SCV  
  100  9:57  Marauder x2, Marine  
  100  9:58  Medivac, Siege Tank  
  112  10:01  SCV  
  112  10:03  Marine  
  112  10:05  SCV  
  112  10:06  SCV  
  116  10:07  Barracks  
  116  10:09  Barracks  
  116  10:13  SCV  
  117  10:15  Marine  
  117  10:18  SCV, Marine  
  117  10:21  Barracks x2  
  120  10:22  Barracks  
  120  10:29  Refinery  
  120  10:30  Refinery  
  120  10:33  Factory  
  120  10:34  Marine  
  120  10:35  Marauder, Marine  
  124  10:36  Factory, Marine  
  124  10:39  SCV x3  
  128  10:51  SCV  
  129  10:57  Supply Depot  
  129  10:59  Barracks Reactor x2  
  129  11:01  Supply Depot  
  129  11:02  Marine x2  
  129  11:03  Marauder, Marine  
  134  11:05  Siege Tank  
  134  11:10  Terran Vehicle Weapons Level 1  
  137  11:13  SCV  
  137  11:15  Missile Turret  
  137  11:16  Missile Turret  
  137  11:18  Missile Turret, Terran Infantry Armor Level 2  
  138  11:20  Marine  
  138  11:22  SCV  
  138  11:23  SCV, Factory Tech Lab x2  
  141  11:26  Marauder, Marine  
  141  11:32  Missile Turret  
  144  11:34  Supply Depot  
  144  11:37  Medivac, Siege Tank  
  144  11:39  Terran Infantry Weapons Level 3  
  149  11:57  Siege Tank x2  
  149  11:59  Marine x2  
  149  12:00  Marauder, Marine x2  
  161  12:02  Marine  
  161  12:03  Marauder  
  161  12:04  Supply Depot  
  161  12:06  Supply Depot  
  164  12:09  Siege Tank  
  167  13:01  Marauder, Marine x7  
  167  13:04  Siege Tank x3  
  167  13:05  Medivac x2  
  183  13:19  Marine x6  
  189  13:20  Marauder  
  189  13:23  Marauder  
  191  13:35  Medivac x2  
  191  13:36  Siege Tank, Marine  
  191  13:37  Marine  
  200  14:18  Marine  
  187  15:04  Marine  
  188  15:22  Marine x2  
  188  15:23  Marauder  
  188  15:26  Marine  
  188  15:27  Marauder, Marine x3  
  191  15:30  Siege Tank  
  191  15:31  Factory Tech Lab x2  
  191  15:32  Medivac x2  
  198  15:40  Marine x2  
  188  15:43  Marine  
  188  15:44  Marine  
  188  15:45  Marine x3  
  188  15:49  Marauder  
  192  15:58  Siege Tank, Marine x2  
  192  16:01  Marine  
  192  16:02  Marine  
  192  16:03  Marine  
  197  16:55  Marine x2  
  197  16:56  Marine  
  197  17:02  Marine  
  197  17:03  Marine x2  
  172  17:49  Command Center  
Tags
 
Add a new tag
Caveats
  • Supply blocks, unpowered buildings, or Contaminate may cause inaccurate times.
  • Supply counts are checked every 10 seconds.